[Event "fics rated crazyhouse match"]
[Site "fics, Oklahoma City, OK USA"]
[Date "2000.11.25"]
[White "venomous"]
[WhiteElo "2378"]
[Black "LINDEGREN"]
[BlackElo "2355"]
[TimeControl "60+0"]
[Result "1-0"]

1. e4 Nf6 2. Nc3 Nc6 3. Nf3 d5 4. exd5 Nxd5 5. Bc4 e6 6. d4 
Bb4 7. Bd2 Qe7 8. O-O Bxc3 9. bxc3 Nb6 10. Bb5 Bd7 11. Re1 P@g4 
12. Ng5 h5 13. P@g6 fxg6 14. B@f7+ Kd8 15. Bxg6 P@f3 16. gxf3 gxf3 17. Qxf3 
Nxd4 18. cxd4 Bxb5 19. Qxb7 B@c6 20. N@f7+ Kd7 21. Ne5+ Kd8 22. Nxc6+ Bxc6 
23. Qxc6 N@d5 24. P@b7 Rb8 25. B@g2 N@d6 26. Nxe6+ Qxe6 27. Rxe6 P@d7 28. Rxd6 
cxd6 29. N@f7+ Ke8 30. Nxh8# 
{LINDEGREN resigns} 1-0

[Event "fics rated crazyhouse match"]
[Site "fics, Oklahoma City, OK USA"]
[Date "2000.11.25"]
[White "LINDEGREN"]
[WhiteElo "2348"]
[Black "venomous"]
[BlackElo "2385"]
[TimeControl "60+0"]
[Result "0-1"]

1. e4 e6 2. Nc3 Nc6 3. d4 Nf6 4. e5 Nd5 5. Nxd5 exd5 6. Nf3 
d6 7. Bb5 Bg4 8. Qe2 Be7 9. h3 Bxf3 10. Qxf3 N@h4 11. Qg4 N@f5 
12. B@g5 h5 13. Bxe7 Qxe7 14. Qe2 Nxd4 15. Kd1 Nxe2 16. Bxe2 Nxe5 17. B@a4+ 
P@c6 18. Bxc6+ bxc6 19. N@d4 Nxg2 20. N@f5 Qf6 21. P@g5 Qg6 22. Bd2 B@e4 
23. Rg1 Bxf5 24. Nxf5 Qxf5 25. Rxg2 Q@h1+ 26. B@f1 N@d4 27. N@e3 Qfxh3 28. g6 
fxg6 29. Rxg6 Qd7 30. P@f6 gxf6 31. Rg2 N@a4 32. Rb1 Rb8 33. Bd3 Nxb2+ 
34. Rxb2 Rxb2 35. N@g7+ Kd8 36. Rg3 R@a1+ 37. Bc1 Rbb1 38. Kd2 Rxc1 
{LINDEGREN resigns} 0-1

[Event "fics rated crazyhouse match"]
[Site "fics, Oklahoma City, OK USA"]
[Date "2000.11.25"]
[White "venomous"]
[WhiteElo "2392"]
[Black "LINDEGREN"]
[BlackElo "2341"]
[TimeControl "60+0"]
[Result "1-0"]

1. e4 e6 2. Nc3 Nf6 3. Nf3 Nc6 4. d4 d5 5. exd5 Nxd5 6. Bc4 
Bb4 7. Bd2 Qe7 8. O-O Bxc3 9. bxc3 P@g4 10. Ng5 N@f4 11. Bxd5 Nxd5 
12. B@h5 B@f5 13. Bxf7+ Kd8 14. Bh5 Rf8 15. N@f7+ Rxf7 16. Nxf7+ Kd7 17. P@b5 
N@c4 18. bxc6+ bxc6 19. N@e5+ Ke8 20. Nxc4 
{LINDEGREN resigns} 1-0

[Event "fics rated crazyhouse match"]
[Site "fics, Oklahoma City, OK USA"]
[Date "2000.11.25"]
[White "LINDEGREN"]
[WhiteElo "2334"]
[Black "venomous"]
[BlackElo "2399"]
[TimeControl "60+0"]
[Result "1-0"]

1. e4 e6 2. Nc3 b6 3. d4 Bb7 4. Bd3 Nf6 5. f3 Nc6 6. Be3 
Bb4 7. Nh3 e5 8. dxe5 Nxe5 9. O-O P@a3 10. Ne2 axb2 11. Rb1 P@c4 
12. P@g5 cxd3 13. cxd3 Ng8 14. P@h6 Bf8 15. hxg7 Bxg7 16. P@h6 Bf8 17. d4 
Nc4 18. Rxb2 Nxe3 19. P@g7 Nxd1 20. gxh8=Q Nxb2 21. Qxg8 Qe7 22. N@g7+ Kd8 
23. R@e8+ Qxe8 24. Nxe8 B@e3+ 25. Kh1 R@e7 26. Qxf8 Rxe8 27. B@f6+ P@e7 28. Bxe7+ 
Kc8 29. Q@d8# 
{venomous resigns} 1-0

[Event "fics rated crazyhouse match"]
[Site "fics, Oklahoma City, OK USA"]
[Date "2000.11.25"]
[White "venomous"]
[WhiteElo "2390"]
[Black "LINDEGREN"]
[BlackElo "2343"]
[TimeControl "60+0"]
[Result "0-1"]

1. e4 Nf6 2. Nc3 Nc6 3. Nf3 d5 4. exd5 Nxd5 5. Bc4 e6 6. d4 
Bb4 7. Bd2 P@a3 8. Bxd5 exd5 9. bxa3 Bxc3 10. Bxc3 Qe7+ 11. P@e5 N@e4 
12. B@b4 Nxb4 13. Bxb4 B@c3+ 14. Bxc3 Nxc3 15. Qd3 Ne4 16. B@h4 f6 17. exf6 
gxf6 18. O-O B@c4 19. Qe3 Bxf1 20. Rxf1 P@h3 21. B@h5+ B@f7 22. N@g7+ Kd8 
23. Bxf7 Qxf7 24. B@g5 B@e7 25. Nh5 hxg2 26. Nxf6 gxf1=Q+ 27. Kxf1 R@d1+ 28. Ke2 
R@c1 29. Nxd5 Nxg5 30. Qxc1 Rxc1 
{venomous forfeits on time} 0-1

[Event "fics rated crazyhouse match"]
[Site "fics, Oklahoma City, OK USA"]
[Date "2000.11.25"]
[White "LINDEGREN"]
[WhiteElo "2352"]
[Black "venomous"]
[BlackElo "2381"]
[TimeControl "60+0"]
[Result "1-0"]

1. e4 e6 2. Nc3 b6 3. d4 Bb7 4. Bd3 Nf6 5. f3 Nc6 6. Be3 
Bb4 7. Nh3 e5 8. dxe5 Nxe5 9. O-O P@a3 10. Ne2 axb2 11. Rb1 P@c3 
12. P@g5 Ng8 13. Bd4 d6 14. Ng3 c5 15. Bxe5 dxe5 16. Nf5 B@f8 17. f4 
exf4 18. Nxf4 P@e6 19. Bb5# 
{venomous resigns} 1-0

[Event "fics rated crazyhouse match"]
[Site "fics, Oklahoma City, OK USA"]
[Date "2000.11.25"]
[White "venomous"]
[WhiteElo "2372"]
[Black "LINDEGREN"]
[BlackElo "2361"]
[TimeControl "60+0"]
[Result "0-1"]

1. e4 Nf6 2. Nc3 Nc6 3. Nf3 d5 4. exd5 Nxd5 5. Bc4 e6 6. d4 
Bb4 7. Bd2 P@a3 8. Bxd5 exd5 9. bxa3 Bxc3 10. Bxc3 Qe7+ 11. P@e5 N@e4 
12. B@b4 Nxb4 13. Bxb4 B@c3+ 14. Bxc3 Nxc3 15. Qd3 Ne4 16. B@b4 B@d6 17. exd6 
cxd6 18. O-O P@h3 19. gxh3 Bxh3 20. Rfe1 B@f5 21. B@a4+ P@c6 22. N@f4 O-O 
23. Nxh3 Bxh3 24. N@f4 Bg4 25. B@g2 f5 26. P@h3 Bxf3 27. Bxf3 N@g6 28. Nxg6 
hxg6 29. B@g2 N@f4 30. Qe3 Nxg2 31. Bxg2 B@h6 32. P@f4 N@h4 33. N@f3 Nxg2 
34. Kxg2 Bxf4 35. Qxf4 B@h6 36. N@g5 P@g4 37. B@e6+ Kh8 38. N@h4 Rf6 39. Nf7+ 
Qxf7 40. Bxf7 Bxf4 41. Ng1 gxh3+ 42. Nxh3 P@g4 43. Nxf4 Rxf7 44. Nhxg6+ Kh7 
45. Q@h4+ B@h6 46. Nf8+ Raxf8 
{venomous forfeits on time} 0-1

[Event "fics rated crazyhouse match"]
[Site "fics, Oklahoma City, OK USA"]
[Date "2000.11.25"]
[White "LINDEGREN"]
[WhiteElo "2369"]
[Black "venomous"]
[BlackElo "2364"]
[TimeControl "60+0"]
[Result "0-1"]

1. e4 e6 2. Nc3 Nc6 3. d4 Nf6 4. a3 d5 5. exd5 Nxd5 6. Nf3 
Be7 7. Bb5 Bd7 8. P@e4 Nxc3 9. bxc3 a6 10. Bd3 b5 11. N@h5 Rg8 
12. e5 P@f5 13. O-O N@e4 14. Bd2 Nxd2 15. Qxd2 B@e4 16. Be2 Bxf3 17. Bxf3 
N@e4 18. Bxe4 fxe4 19. f3 exf3 20. Rxf3 B@g6 21. Nf4 P@e4 22. Rf2 Bg5 
23. B@e3 Bxf4 24. Bxf4 N@c4 25. Qe2 e3 26. Bxe3 Nxe3 27. Qxe3 B@h6 28. P@f4 
Ne7 29. P@g5 Nd5 30. Qd2 Bxg5 31. Qe2 P@e3 32. Rff1 Bxf4 33. Rxf4 Nxf4 
34. Qxe3 Nd5 35. Qe2 P@b2 36. Rf1 R@c1 37. P@d6 b1=Q 38. B@e1 Qxc2 39. B@d2 
Qd3 40. Qf2 Qxf1+ 41. Qxf1 Rxe1 42. Bxe1 Ne3 43. P@e7 Qxe7 44. dxe7 Nxf1 
45. R@f8+ Kxe7 46. Q@f2 R@f5 47. N@f4 Kxf8 48. Nxg6+ hxg6 49. B@b4+ Ke8 50. N@h7 
N@h3+ 51. gxh3 Rxf2 52. Kh1 Kd8 
{LINDEGREN forfeits on time} 0-1

[Event "fics rated crazyhouse match"]
[Site "fics, Oklahoma City, OK USA"]
[Date "2000.11.25"]
[White "venomous"]
[WhiteElo "2372"]
[Black "LINDEGREN"]
[BlackElo "2361"]
[TimeControl "60+0"]
[Result "1-0"]

1. e4 Nf6 2. Nc3 Nc6 3. Nf3 d5 4. exd5 Nxd5 5. Bc4 e6 6. d4 
Bb4 7. Bd2 P@b3 8. axb3 Bxc3 9. bxc3 Qe7 10. O-O f5 11. Re1 N@e4 
12. B@h4 Qf7 13. Bxd5 exd5 14. Rxe4+ fxe4 15. Ng5 B@f3 16. gxf3 exf3 17. Nxf7 
P@g2 18. Qxf3 
{LINDEGREN resigns} 1-0

[Event "fics rated crazyhouse match"]
[Site "fics, Oklahoma City, OK USA"]
[Date "2000.11.25"]
[White "LINDEGREN"]
[WhiteElo "2353"]
[Black "venomous"]
[BlackElo "2380"]
[TimeControl "60+0"]
[Result "0-1"]

1. e4 e6 2. Nc3 b6 3. d4 Bb7 4. Bd3 Nf6 5. f3 Nc6 6. Be3 
Bb4 7. Nh3 e5 8. dxe5 Nxe5 9. O-O P@a3 10. Ne2 axb2 11. Rb1 P@g4 
12. Nhf4 gxf3 13. gxf3 P@g4 14. P@g2 gxf3 15. gxf3 P@g5 16. Nh3 g4 17. fxg4 
Nexg4 18. P@f2 Nxe3 19. fxe3 B@g4 20. P@g2 Bxh3 21. gxh3 P@g4 22. hxg4 Nxg4 
23. B@f4 N@h3+ 24. Kg2 Nxf4+ 25. Nxf4 Nxe3+ 26. Kh1 Nxd1 27. Rbxd1 P@h3 28. P@g2 
hxg2+ 29. Kxg2 P@g4 30. P@h3 B@f3+ 31. Rxf3 gxf3+ 32. Kxf3 R@f6 33. P@f5 Rxf5 
34. B@g3 Rxf4+ 35. Bxf4 N@h4+ 36. Kg3 Q@f3# 
{LINDEGREN checkmated} 0-1

[Event "fics rated crazyhouse match"]
[Site "fics, Oklahoma City, OK USA"]
[Date "2000.11.25"]
[White "venomous"]
[WhiteElo "2387"]
[Black "LINDEGREN"]
[BlackElo "2346"]
[TimeControl "60+0"]
[Result "0-1"]

1. e4 e6 2. Nc3 Nf6 3. Nf3 d5 4. exd5 Nxd5 5. Nxd5 exd5 6. d4 
Nc6 7. Bb5 Bb4+ 8. c3 Qe7+ 9. P@e5 P@g4 10. Ng5 N@h4 11. Rg1 Bd6 
12. Be3 Bxe5 13. dxe5 P@h3 14. N@h5 Nxg2+ 15. Rxg2 hxg2 16. Nxg7+ Kd8 17. Kd2 
Nxe5 18. N@f5 Bxf5 19. Nxf5 N@c4+ 20. Bxc4 Nxc4+ 21. Kc2 B@e4+ 22. P@d3 Bxf5 
23. N@c5 N@a3+ 24. bxa3 R@b2+ 25. Kc1 Rxf2 26. Nxb7+ Kc8 27. Bxf2 P@b2+ 28. Kc2 
bxa1=Q 29. Qxa1 P@b2 30. Qxb2 Nxb2 31. Nd6+ cxd6 32. B@a6+ P@b7 33. R@c6+ Kb8 
34. P@c7+ Qxc7 35. Rxc7 Q@d1+ 36. Kxb2 R@b1# 
{venomous checkmated} 0-1

[Event "fics rated crazyhouse match"]
[Site "fics, Oklahoma City, OK USA"]
[Date "2000.11.25"]
[White "LINDEGREN"]
[WhiteElo "2355"]
[Black "venomous"]
[BlackElo "2378"]
[TimeControl "60+0"]
[Result "1-0"]

1. e4 e6 2. Nc3 b6 3. d4 Bb7 4. Bd3 Nf6 5. f3 Nc6 6. Be3 
Bb4 7. a3 Bxc3+ 8. bxc3 e5 9. dxe5 Nxe5 10. Nh3 Nxd3+ 11. cxd3 B@b2 
12. O-O Bxc3 13. N@f5 Rg8 14. B@d4 Bxd4 15. Bxd4 B@c5 16. Bxc5 bxc5 17. P@g5 
Nh5 18. B@g4 N@f4 19. Bxh5 Nxh5 20. B@g4 B@g6 21. Nxg7+ Nxg7 22. N@f6+ Kf8 
23. Nxg8 B@d4+ 24. Kh1 Kxg8 25. P@f6 Ne8 26. Nf4 N@e3 27. Qe2 Nxf1 28. Rxf1 
N@c3 29. N@h6+ Kf8 30. R@g8# 
{venomous checkmated} 1-0

[Event "fics rated crazyhouse match"]
[Site "fics, Oklahoma City, OK USA"]
[Date "2000.11.25"]
[White "venomous"]
[WhiteElo "2369"]
[Black "LINDEGREN"]
[BlackElo "2364"]
[TimeControl "60+0"]
[Result "0-1"]

1. e4 e6 2. Nc3 Nf6 3. Nf3 d5 4. exd5 Nxd5 5. Bb5+ Nc6 6. Nxd5 
exd5 7. O-O Bd6 8. Re1+ P@e4 9. d3 O-O 10. dxe4 dxe4 11. Rxe4 Bxh2+ 
12. Kxh2 Qxd1 13. Re1 N@g4+ 14. Kg1 Qxe1+ 15. Nxe1 R@h1+ 16. Kxh1 Q@h2# 
{venomous checkmated} 0-1

[Event "fics rated crazyhouse match"]
[Site "fics, Oklahoma City, OK USA"]
[Date "2000.11.25"]
[White "LINDEGREN"]
[WhiteElo "2372"]
[Black "venomous"]
[BlackElo "2361"]
[TimeControl "60+0"]
[Result "1-0"]

1. e4 e6 2. Nc3 Nc6 3. d4 Nf6 4. Nf3 Bb4 5. Bd3 d5 6. exd5 
Nxd5 7. Bd2 P@a3 8. Nxd5 Bxd2+ 9. Qxd2 axb2 10. Rd1 exd5 11. Qe3+ P@e4 
12. N@h5 B@f8 13. Bxe4 dxe4 14. Qxe4+ Qe7 15. P@e5 N@c3 16. Qd3 Nxd1 17. Qxd1 
R@c1 18. O-O Rxd1 19. Rxd1 B@e2 20. Re1 Bxf3 21. gxf3 N@h3+ 22. Kh1 Nxf2+ 
23. Kg2 Nd1 24. B@g3 Q@d2+ 25. R@e2 Qxd4 26. N@f6+ Kd8 27. B@f2 P@h3+ 28. Kg1 
Nxf2 29. Bxf2 Qc4 30. P@d6 cxd6 31. P@c7+ Qxc7 32. exd6 Qxe2 33. dxc7+ Kxc7 
34. N@d5+ Kd6 35. Q@c7+ Ke6 36. Rxe2# 
{venomous resigns} 1-0

[Event "fics rated crazyhouse match"]
[Site "fics, Oklahoma City, OK USA"]
[Date "2000.11.25"]
[White "venomous"]
[WhiteElo "2353"]
[Black "LINDEGREN"]
[BlackElo "2380"]
[TimeControl "60+0"]
[Result "1-0"]

1. e4 Nf6 2. Nc3 Nc6 3. Nf3 d5 4. exd5 Nxd5 5. Bc4 e6 6. d4 
Bb4 7. Bd2 P@a3 8. Bxd5 exd5 9. bxa3 Bxc3 10. Bxc3 Qe7+ 11. P@e5 N@e4 
12. B@b4 Nxb4 13. Bxb4 B@c3+ 14. Bxc3 Nxc3 15. Qd3 Ne4 16. B@h4 f6 17. N@h5 
B@g6 18. Nf4 B@c3+ 19. P@d2 Bxa1 20. Nxd5 R@c1+ 21. N@d1 Rxd1+ 22. Kxd1 Nxf2+ 
23. Bxf2 Bxd3 24. cxd3 Q@b1+ 25. R@c1 Qxd3 26. B@e2 Qxe2+ 27. Kxe2 B@b5+ 28. d3 
Bxd3+ 29. Kxd3 P@e4+ 30. Kxe4 Bf5+ 31. Kxf5 N@d6+ 32. exd6 g6+ 33. Kf4 g5+ 
34. Kg3 P@h4+ 35. Kh3 P@g4+ 36. Kxg4 h5+ 37. Kf5 Qd7+ 38. B@e6 Qxe6+ 39. Kxe6 
B@d7+ 40. Kxf6 Rf8+ 41. Kxg5 
{LINDEGREN resigns} 1-0

[Event "fics rated crazyhouse match"]
[Site "fics, Oklahoma City, OK USA"]
[Date "2000.11.25"]
[White "LINDEGREN"]
[WhiteElo "2371"]
[Black "venomous"]
[BlackElo "2362"]
[TimeControl "60+0"]
[Result "1-0"]

1. e4 Nc6 2. Nc3 Nf6 3. d4 d5 4. exd5 Nxd5 5. Nf3 e6 6. a3 
P@f6 7. Bb5 Bd7 8. O-O Nxc3 9. bxc3 N@d5 10. Bd2 Be7 11. P@e4 Nb6 
12. N@h5 Rg8 13. Bd3 e5 14. d5 Na5 15. Rb1 Nac4 16. Bxc4 Nxc4 17. Rxb7 
B@a6 18. Rb1 Nxa3 19. N@f5 P@e2 20. Qxe2 Bxe2 21. Nhxg7+ Rxg7 22. Nxg7+ Kf8 
23. Bh6 Kg8 24. Nh4 Q@g4 25. R@g3 Qxg3 26. hxg3 Bxf1 27. Ngf5 N@e2+ 28. Kh2 
Bf8 29. P@g7 Bxg7 30. Bxg7 R@h1+ 31. Kxh1 Bxg2+ 32. Kxg2 P@f3+ 33. Kh2 R@h3+ 
34. Kxh3 Bxf5+ 35. Nxf5 N@g5+ 36. Kh2 h6 37. Q@h8# 
{venomous checkmated} 1-0

[Event "fics rated crazyhouse match"]
[Site "fics, Oklahoma City, OK USA"]
[Date "2000.11.25"]
[White "venomous"]
[WhiteElo "2354"]
[Black "LINDEGREN"]
[BlackElo "2379"]
[TimeControl "60+0"]
[Result "0-1"]

1. e4 Nf6 2. Nc3 Nc6 3. Nf3 e6 4. d4 d5 5. e5 Ne4 6. Bd3 
Bb4 7. Bd2 Bxc3 8. bxc3 N@g4 9. O-O Nexf2 10. Rxf2 Nxf2 11. Kxf2 P@e4 
12. N@h5 Rg8 13. N@f6+ gxf6 14. Nxf6+ Qxf6 15. exf6 N@g4+ 16. Kg1 N@f2 17. Kf1 
Nxd1 18. Q@e2 R@f2+ 19. Qxf2 Ndxf2 20. Bb5 Nxf6 21. Bxc6+ bxc6 22. Ne5 N2g4 
23. R@d8+ Kxd8 24. Nxc6+ Ke8 25. B@h4 B@f3 26. gxf3 Q@h1+ 27. Ke2 Qxf3# 
{venomous resigns} 0-1

[Event "fics rated crazyhouse match"]
[Site "fics, Oklahoma City, OK USA"]
[Date "2000.11.25"]
[White "LINDEGREN"]
[WhiteElo "2386"]
[Black "venomous"]
[BlackElo "2347"]
[TimeControl "60+0"]
[Result "0-1"]

1. e4 e6 2. Nc3 Nc6 3. d4 Nf6 4. Nf3 Bb4 5. Bd3 d5 6. exd5 
Nxd5 7. Bd2 P@a3 8. Nxd5 Bxd2+ 9. Qxd2 axb2 10. Rd1 exd5 11. Qe3+ P@e4 
12. N@h5 B@f8 13. Bxe4 dxe4 14. Qxe4+ Qe7 15. Qxe7+ Nxe7 16. B@a4+ B@d7 17. Bxd7+ 
Bxd7 18. O-O B@e2 19. Rde1 Bxf3 20. Nxg7+ Kd8 21. Q@g3 N@e2+ 22. Rxe2 Bxe2 
23. B@h4 R@g6 24. Bxe7+ Bxe7 25. Qxc7+ Kxc7 26. N@d5+ Kd6 27. N@e4+ Kxd5 28. Nc3+ 
Kc4 29. P@g3 Kxc3 
{LINDEGREN resigns} 0-1

[Event "fics rated crazyhouse match"]
[Site "fics, Oklahoma City, OK USA"]
[Date "2000.11.25"]
[White "venomous"]
[WhiteElo "2356"]
[Black "LINDEGREN"]
[BlackElo "2377"]
[TimeControl "60+0"]
[Result "0-1"]

1. e4 e6 2. d4 Nf6 3. Bd3 d5 4. e5 Ne4 5. Nh3 Nc6 6. Be3 
Bb4+ 7. c3 Be7 8. O-O f5 9. exf6 Bxf6 10. P@e5 Nxe5 11. dxe5 Bxe5 
12. Qh5+ P@g6 13. Qxe5 O-O 14. Bxe4 dxe4 15. B@g5 P@f6 16. Qxe4 B@f5 17. Qf3 
P@g4 18. Qg3 gxh3 19. N@f4 hxg2 20. Qxg2 P@h3 21. Nxh3 Bxh3 22. Qxh3 fxg5 
23. B@g2 B@f5 24. P@g4 N@f4 25. Bxf4 gxf4 26. gxf5 exf5 27. B@b3+ B@f7 28. Bxf7+ 
Rxf7 29. B@b3 B@e6 30. Bxe6 Bxe6 31. N@e5 P@g4 32. Nxf7 Bxf7 33. Qxh7+ Kxh7 
34. P@h5 N@e2+ 35. Kh1 f3 36. hxg6+ Bxg6 37. Bxf3 gxf3 38. R@h3+ B@h5 39. N@h4 
P@g2+ 40. Nxg2 fxg2+ 41. Kxg2 B@f3# 
{venomous resigns} 0-1

[Event "fics rated crazyhouse match"]
[Site "fics, Oklahoma City, OK USA"]
[Date "2000.11.25"]
[White "LINDEGREN"]
[WhiteElo "2385"]
[Black "venomous"]
[BlackElo "2348"]
[TimeControl "60+0"]
[Result "0-1"]

1. e4 e6 2. Nc3 b6 3. d4 Bb7 4. Bd3 Nf6 5. f3 Nc6 6. Be3 
Bb4 7. Nh3 e5 8. dxe5 Nxe5 9. O-O P@a3 10. Ne2 axb2 11. Rb1 P@g4 
12. Nhf4 gxf3 13. gxf3 P@g5 14. P@g2 gxf4 15. Bxf4 Nxd3 16. cxd3 N@c3 17. Nxc3 
Bxc3 18. P@g5 Nh5 19. P@g3 Nxf4 20. gxf4 B@e3+ 21. Kh1 Bxf4 22. N@h5 Bxg5 
23. Nxg7+ Bxg7 24. N@f5 B@e5 25. d4 Bef6 26. e5 N@e3 27. exf6 B7xf6 28. N@g7+ 
Bxg7 29. Nxg7+ Kf8 30. Qe2 N@c3 31. Qf2 Nxb1 32. Nh5 P@g7 33. Rxb1 R@c1+ 
34. Rxc1 bxc1=Q+ 35. B@e1 Qxe1+ 36. Qxe1 R@f1+ 37. Qxf1 Nxf1 38. B@f2 Q@e2 39. N@g4 
Bxf3 40. gxf3 Qxf3+ 41. P@g2 Qxg4 42. B@b4+ B@d6 43. Bxd6+ cxd6 44. B@f3 Qe6 
45. Nxg7 Kxg7 46. P@f5 Qxf5 47. R@g4 B@g6 48. P@e4 Qff6 49. Rxg5 Qxg5 50. R@g4 
Qxg4 51. Bxg4 R@a6 52. B@f4 Qe7 53. Q@h6+ Kg8 54. Bxd7 R@g7 55. Qxg7+ Kxg7 
56. P@h6+ Kf8 57. R@g7 N@g3# 
{LINDEGREN forfeits on time} 0-1

[Event "fics rated crazyhouse match"]
[Site "fics, Oklahoma City, OK USA"]
[Date "2000.11.25"]
[White "venomous"]
[WhiteElo "2357"]
[Black "LINDEGREN"]
[BlackElo "2376"]
[TimeControl "60+0"]
[Result "1-0"]

1. e4 e6 2. d4 Nf6 3. Bd3 d5 4. e5 Ne4 5. Nh3 Nc6 6. Be3 
Bb4+ 7. c3 Be7 8. O-O f5 9. exf6 Bxf6 10. f3 P@f5 11. fxe4 dxe4 
12. Bb5 O-O 13. P@e5 Nxe5 14. dxe5 Bxe5 15. Qxd8 Rxd8 16. N@e7+ Kf8 17. N@g6+ 
hxg6 18. Nxg6+ Kg8 19. Nxe5 P@f7 20. P@g6 fxg6 21. Q@f7+ Kh8 22. Nxg6+ Kh7 
23. Ng5# 
{LINDEGREN resigns} 1-0

[Event "fics rated crazyhouse match"]
[Site "fics, Oklahoma City, OK USA"]
[Date "2000.11.25"]
[White "LINDEGREN"]
[WhiteElo "2368"]
[Black "venomous"]
[BlackElo "2365"]
[TimeControl "60+0"]
[Result "1-0"]

1. e4 e6 2. Nc3 b6 3. d4 Bb7 4. Bd3 Nf6 5. f3 Nc6 6. Be3 
Bb4 7. Nh3 e5 8. dxe5 Nxe5 9. a3 Bxc3+ 10. bxc3 P@c4 11. Be2 N@d6 
12. O-O Ndxe4 13. fxe4 Nxe4 14. N@f5 Rg8 15. B@f3 Nxc3 16. Qe1 Nxe2+ 17. Qxe2 
Bxf3 18. Rxf3 B@g4 19. P@e7 Qb8 20. B@g3 Nxf3+ 21. gxf3 Bxf5 22. Nf4 P@b2 
23. Rf1 P@a2 24. Bd4 b1=Q 25. Bxg7 Qxf1+ 26. Kxf1 R@b1+ 27. N@e1 a1=Q 28. N@f6+ 
Qxf6 29. Bxf6 R@h1+ 30. Kg2 Rhxe1 31. Qxe1 Rxe1 32. R@f8+ Rxf8 33. exf8=Q+ Kxf8 
34. P@g7+ Ke8 35. R@f8# 
{venomous checkmated} 1-0

[Event "fics rated crazyhouse match"]
[Site "fics, Oklahoma City, OK USA"]
[Date "2000.11.25"]
[White "VABORIS"]
[WhiteElo "2302"]
[Black "jiggaman"]
[BlackElo "2278"]
[TimeControl "60+0"]
[Result "1-0"]

1. e4 e6 2. d4 Nf6 3. Bd3 d5 4. e5 Ne4 5. Be3 Nc6 6. Nh3 
Be7 7. O-O Bd7 8. c3 O-O 9. f3 Ng5 10. Nxg5 Bxg5 11. f4 Bh4 
12. Qg4 N@h6 13. Qf3 f5 14. exf6 Bxf6 15. P@g5 Bxg5 16. fxg5 Rxf3 17. Rxf3 
Q@e1+ 18. B@f1 P@d2 19. Bxd2 Qd1 20. gxh6 P@f5 21. hxg7 Qf6 22. P@h6 Kf7 
23. N@g5+ Ke7 24. R@f7+ Qxf7 25. Nxf7 Re8 26. Q@f8+ Rxf8 27. gxf8=Q+ Kxf8 28. Ng5 
Q@f6 29. P@g7+ Kg8 30. R@h8# 
{jiggaman checkmated} 1-0

[Event "fics rated crazyhouse match"]
[Site "fics, Oklahoma City, OK USA"]
[Date "2000.11.25"]
[White "VABORIS"]
[WhiteElo "2316"]
[Black "jiggaman"]
[BlackElo "2263"]
[TimeControl "60+0"]
[Result "1-0"]

1. e4 Nf6 2. Nc3 d5 3. exd5 Nxd5 4. d4 Nc6 5. Nf3 Bf5 6. Nxd5 
Qxd5 7. N@c3 Qa5 8. d5 Nb4 9. P@d3 e6 10. Nd4 Bc5 11. Nxf5 exf5 
12. B@a4+ P@d7 13. Qe2+ N@e7 14. Bg5 Nxc2+ 15. Qxc2 N@d4 16. Qd2 P@c6 17. Bxe7 
Bxe7 18. dxc6 bxc6 19. N@c4 Qc5 20. P@h6 Rg8 21. hxg7 B@g5 22. P@e3 P@b4 
23. exd4 
{jiggaman forfeits on time} 1-0

[Event "fics rated crazyhouse match"]
[Site "fics, Oklahoma City, OK USA"]
[Date "2000.11.26"]
[White "liveZ"]
[WhiteElo "2304"]
[Black "Gobi"]
[BlackElo "2384"]
[TimeControl "60+0"]
[Result "0-1"]

1. e4 Nf6 2. e5 Ne4 3. Qf3 d5 4. d3 Nc5 5. Nc3 Nc6 6. Qxd5 
Qxd5 7. Nxd5 Q@d8 8. Q@c4 e6 9. P@e7 Nxe7 10. Nxe7 Bxe7 11. Nf3 Bd7 
12. Qg4 N@f5 13. d4 Na4 14. Bd3 h5 15. Qf4 Bc6 16. Bxf5 exf5 17. Be3 
B@g4 18. Rd1 Bgxf3 19. gxf3 N@g2+ 20. Kf1 Nxf4 21. Bxf4 Bxf3 
{liveZ forfeits on time} 0-1

[Event "fics rated crazyhouse match"]
[Site "fics, Oklahoma City, OK USA"]
[Date "2000.11.26"]
[White "Gobi"]
[WhiteElo "2390"]
[Black "liveZ"]
[BlackElo "2298"]
[TimeControl "60+0"]
[Result "0-1"]

1. e4 e6 2. Nf3 Nc6 3. Nc3 Nf6 4. Bb5 Bb4 5. Qe2 O-O 6. O-O 
e5 7. Bxc6 dxc6 8. Nxe5 B@d4 9. P@f4 Be6 10. N@f3 Bb6 11. Rd1 c5 
12. d3 a6 13. f5 Bc8 14. Bg5 Qd6 15. Bxf6 Qxf6 16. Nd5 Qd8 17. c3 
B@h5 18. cxb4 cxb4 19. B@e7 Bxf5 20. Bxd8 Raxd8 21. exf5 B@h4 22. Nxb6 cxb6 
23. Nxh4 Bxe2 24. f6 N@h3+ 25. gxh3 Q@g5+ 26. Q@g3 Qxg3+ 27. hxg3 Q@g5 28. N@e7+ 
Kh8 29. fxg7+ Qxg7 30. Nef5 P@c2 31. Nxg7 cxd1=Q+ 32. Rxd1 R@h1# 
{Gobi forfeits on time} 0-1

[Event "fics rated crazyhouse match"]
[Site "fics, Oklahoma City, OK USA"]
[Date "2000.11.26"]
[White "liveZ"]
[WhiteElo "2308"]
[Black "Gobi"]
[BlackElo "2380"]
[TimeControl "60+0"]
[Result "0-1"]

1. e4 Nc6 2. Nf3 Nf6 3. e5 Ng4 4. Nc3 e6 5. d4 d6 6. Bb5 
Bd7 7. O-O dxe5 8. dxe5 Ncxe5 9. Bxd7+ Nxd7 10. B@h5 P@f5 11. Bg5 Be7 
12. Bxe7 Qxe7 13. B@d4 B@f6 14. Bxf6 Ngxf6 15. B@g5 B@g4 16. Bxg4 fxg4 17. Ne5 
Nxe5 18. B@d4 N@f3+ 19. Kh1 P@h3 20. Rg1 Nxg1 21. Qxg1 hxg2+ 22. Qxg2 B@f3 
23. Rg1 P@h3 24. N@e3 hxg2+ 25. Nxg2 B@h3 26. Bxe5 Bhxg2+ 27. Rxg2 Q@f1+ 28. B@g1 
Bxg2# 
{liveZ checkmated} 0-1

[Event "fics rated crazyhouse match"]
[Site "fics, Oklahoma City, OK USA"]
[Date "2000.11.26"]
[White "Gobi"]
[WhiteElo "2386"]
[Black "liveZ"]
[BlackElo "2302"]
[TimeControl "60+0"]
[Result "1-0"]

1. e4 e6 2. Nc3 d5 3. Nf3 Nc6 4. Bb5 Bd7 5. exd5 exd5 6. Nxd5 
Nge7 7. Bxc6 Nxd5 8. Bxd5 P@e6 9. Bxb7 Rb8 10. P@c6 Bxc6 11. Bxc6+ P@d7 
12. Bxd7+ Qxd7 13. N@e5 Bd6 14. Nxd7 Kxd7 15. N@e5+ Kc8 16. B@a6# 
{liveZ resigns} 1-0

[Event "fics rated crazyhouse match"]
[Site "fics, Oklahoma City, OK USA"]
[Date "2000.11.26"]
[White "liveZ"]
[WhiteElo "2296"]
[Black "Gobi"]
[BlackElo "2392"]
[TimeControl "60+0"]
[Result "1-0"]

1. e4 Nf6 2. e5 Nd5 3. Nf3 e6 4. d4 d6 5. Bd3 Nc6 6. O-O 
dxe5 7. Nxe5 Nxe5 8. dxe5 Bd7 9. P@e4 Nb4 10. Nc3 Bc6 11. N@h5 P@g6 
12. Nxg7+ Bxg7 13. P@f6 Bxf6 14. exf6 Qxf6 15. B@g5 Qg7 16. a3 Nxd3 17. cxd3 
B@e5 18. d4 Bxd4 19. Bce3 Be5 20. f4 Bxc3 21. bxc3 Qxc3 22. B@d4 Qxd4 
23. Bxd4 B@d6 24. Bxh8 N@e3 25. Qxd6 N@e2+ 26. Kh1 N@g3+ 27. hxg3 Nxg3+ 28. Kh2 
Ngxf1+ 29. Kg1 Ng4 30. Q@e7# 
{Gobi checkmated} 1-0

[Event "fics rated crazyhouse match"]
[Site "fics, Oklahoma City, OK USA"]
[Date "2000.11.26"]
[White "Gobi"]
[WhiteElo "2382"]
[Black "liveZ"]
[BlackElo "2306"]
[TimeControl "60+0"]
[Result "0-1"]

1. e4 Nc6 2. Nf3 Nf6 3. e5 Ng4 4. d4 d6 5. exd6 exd6 6. Be2 
Be7 7. O-O d5 8. Nc3 Nf6 9. Ne5 P@h3 10. gxh3 Bxh3 11. P@g2 Bxg2 
12. Kxg2 Nxe5 13. dxe5 N@h4+ 14. Kg1 P@f3 15. Bxf3 Nxf3+ 16. Qxf3 B@e4 17. Qg3 
Nh5 18. Qg4 P@d4 19. Nxe4 dxe4 20. Qxh5 N@f3+ 21. Kh1 Bg5 22. P@e6 O-O 
23. B@c4 fxe6 24. Bxe6+ P@f7 25. P@g6 hxg6 26. B@h7+ Kh8 27. Bxg6+ P@h6 28. Bxg5 
Nxg5 29. Bgxf7 B@f3+ 30. Qxf3 exf3 31. N@g6+ Kh7 32. Nxf8+ Qxf8 33. P@g6+ Kh8 
34. B@h3 Q@g2# 
{Gobi forfeits on time} 0-1